 Dungeon Crawl Stone Soup version 0.31-a0-620-gd1cbd99268 (webtiles) character file.

Game seed: 8719604667528062773

1983 Dittersdorf the Shield-Bearer (level 9, -3/57 HPs)
             Began as a Gargoyle Fighter on Aug 23, 2023.
             Was an Initiate of Gozag.
             Slain by a hornet (8 damage)
             ... on level 7 of the Dungeon.
             The game lasted 00:07:26 (6638 turns).

Dittersdorf the Shield-Bearer (Gargoyle Fighter)    Turns: 6638, Time: 00:07:27

Health: -3/57      AC: 24    Str: 24    XL:     9   Next: 20%
Magic:  9/9        EV:  8    Int:  9    God:    Gozag
Gold:   496        SH:  5    Dex:  9    Spells: 8/8 levels left

rFire   . . .        a - +0 flail (heavy)
rCold   + . .        c - +0 buckler
rNeg    + . .        g - +3 chain mail {rC+}
rPois   ∞            (no helmet)
rElec   +            (no cloak)
rCorr   .            m - +0 pair of gloves
SInv    .            f - +2 pair of boots
Will    .....        (no amulet) Stlth
                     (no ring)
HPRegen 0.29/turn    (no ring)
MPRegen 0.11/turn

%: no passive effects
@: no status effects
A: sickness immunity, AC +6, negative energy resistance 1, electricity
resistance, torment resistance 1, petrification resistance
a: Renounce Religion, Potion Petition, Call Merchant, Bribe Branch


You were on level 7 of the Dungeon.
You worshipped Gozag.
Gozag was aware of your devotion.
You visited 1 branch of the dungeon, and saw 7 of its levels.

You collected 576 gold pieces.
You paid 80 gold pieces to Gozag.

Inventory:

Hand Weapons
 a - a +0 heavy flail (weapon)
Missiles
 q - 6 curare-tipped darts (quivered)
Armour
 c - a +0 buckler (worn)
 f - a +2 pair of boots (worn)
 g - a +3 chain mail of cold resistance (worn)
 m - a +0 pair of gloves (worn)
Jewellery
 l - a ring of protection from cold
Wands
 n - a wand of paralysis (8)
Scrolls
 i - 2 scrolls of revelation
 o - a scroll of teleportation
 r - 4 scrolls of blinking
Potions
 b - a potion of cancellation {unknown}
 d - 2 potions of might
 e - 4 potions of heal wounds {unknown}
 h - a potion of haste {unknown}
 j - 2 potions of curing
 k - a potion of magic
 p - a potion of brilliance
 s - a potion of berserk rage {unknown}


   Skills:
 + Level 7.2 Fighting
 + Level 6.1 Maces & Flails
 + Level 7.2 Armour
 + Level 7.2 Shields


You had 8 spell levels left.
You didn't know any spells.
Your spell library contained the following spells:

 Spells                   Type           Power      Damage    Failure   Level
 Apportation              Tloc           0%         N/A       92%         1
 Tukima's Dance           Hex            0%         N/A       100%        3
 Passage of Golubria      Tloc           0%         N/A       100%        4
 Alistair's Intoxication  Tmut/Pois      0%         N/A       100%        5
 Yara's Violent Unravell  Hex/Tmut       0%         3d3       100%        5


Dungeon Overview and Level Annotations

Branches:
Dungeon (7/15)
 Temple: D:4-7

Altars:
Gozag
Nemelex Xobeh
Sif Muna
Wu Jian

Annotations:
D:4 1 transporter, thirtiethelement's ghost, amateur DsGl


Innate Abilities, Weirdness & Mutations

You are immune to sickness and miasma.
Your stone body is resilient. (AC +6)
You are immune to poison.
You resist negative energy. (rN+)
You are resistant to electric shocks. (rElec)
You are resistant to unholy torment.
You are immune to petrification.


Message History

The hornet stings you but does no damage.
You sock the hornet!
The hornet is heavily wounded.
The hornet stings you.
The hornet stings you but does no damage.
You barely miss the hornet.
The hornet is heavily wounded.
The hornet closely misses you. The hornet stings you.
The hornet stings you but does no damage.
You are too injured to fight recklessly!
You are too injured to fight recklessly!
You are too injured to fight recklessly!
You are too injured to fight recklessly!
You are too injured to fight recklessly!
You are too injured to fight recklessly!
You are too injured to fight recklessly!
You are too injured to fight recklessly!
You are too injured to fight recklessly!
You are too injured to fight recklessly!
You are too injured to fight recklessly!
You are too injured to fight recklessly!
You are too injured to fight recklessly!
You are too injured to fight recklessly!
You are too injured to fight recklessly!
You are too injured to fight recklessly!
You are too injured to fight recklessly!
You are too injured to fight recklessly!
You miss the hornet.
The hornet is heavily wounded.
The hornet stings you!
* * * LOW HITPOINT WARNING * * *
The hornet stings you.
* * * LOW HITPOINT WARNING * * *
The hornet stings you.
* * * LOW HITPOINT WARNING * * *
You closely miss the hornet.
The hornet is heavily wounded.
The hornet completely misses you. The hornet stings you!
You die...
Your body crumbles into a pile of gold.

#.#.####>.......y.
..............Fy..
#..........####..# #
##...##.#....#.....#
#.. #.#..#.#...#. .
#.lFy#.+....
###y####...# ### #y#
#...# ....###@# #...#
#
#.......####.).#####.#
#.........##.........#
#..........#...#<<####
#####........######
#..........#
##.......### #.......#
#.......#


You could see a hornet, a bullfrog, an iguana and 2 killer bees.

Vanquished Creatures
  Jeremiah (D:6)
  Edmund (D:3)
  An ogre (D:5)
  7 kobold brigands (D:6)
  3 bullfrogs
  2 scorpions (D:5)
  A killer bee (D:7)
  3 hounds
  A jelly (D:5)
  2 orc priests
  An iguana (D:6)
  A sleepcap (D:6)
  Ijyb (D:4)
  Terence (D:2)
  2 orc wizards
  8 adders
  6 gnolls
  A white imp (D:6)
  2 ufetubi
  A worm (D:2)
  3 dart slugs
  13 orcs
  8 bats
  10 endoplasms
  7 giant cockroaches
  6 hobgoblins (D:1)
  5 kobolds
  3 quokkas
  6 ball pythons
  2 frilled lizards
  3 goblins
  10 rats
122 creatures vanquished.

Vanquished Creatures (collateral kills)
  A bullfrog (D:6)
  2 orcs (D:6)
3 creatures vanquished.

Grand Total: 125 creatures vanquished

Notes
Turn   | Place    | Note
-------+----------+-------------------------------------------
     0 | D:1      | Dittersdorf the Gargoyle Fighter began the quest for the
                  | Orb.
     0 | D:1      | Reached XP level 1. HP: 14/14 MP: 1/1
   136 | D:1      | Reached XP level 2. HP: 16/19 MP: 2/2
   423 | D:1      | Reached XP level 3. HP: 21/23 MP: 3/3
   816 | D:2      | Found an ornate altar of the Wu Jian Council.
   827 | D:2      | Noticed Terence
   945 | D:2      | Killed Terence
   946 | D:2      | Reached XP level 4. HP: 20/29 MP: 4/4
  1253 | D:2      | Reached XP level 5. HP: 31/33 MP: 5/5
  3230 | D:4      | Noticed Edmund
  3237 | D:3      | Reached XP level 6. HP: 39/39 MP: 6/6
  3266 | D:3      | HP: 1/39 [Edmund/+1 dire flail of protection (3)]
  3272 | D:3      | Killed Edmund
  3497 | D:4      | Reached skill level 5 in Armour
  3501 | D:4      | Noticed Ijyb
  3524 | D:4      | Paralysed by Ijyb for 4 turns
  3534 | D:4      | Killed Ijyb
  3535 | D:4      | Reached skill level 5 in Shields
  3631 | D:4      | Reached skill level 5 in Fighting
  3757 | D:4      | Reached XP level 7. HP: 42/44 MP: 7/7
  4151 | D:4      | Found a transporter.
  4152 | D:4      | Noticed thirtiethelement's ghost (amateur DsGl)
  4437 | D:5      | Entered Level 5 of the Dungeon
  4555 | D:5      | Found an opulent altar of Gozag.
  4636 | D:5      | Became a worshipper of Gozag Ym Sagoz the Greedy
  4920 | D:5      | Found a shimmering blue altar of Sif Muna.
  5274 | D:6      | Reached XP level 8. HP: 46/51 MP: 8/8
  5353 | D:6      | Noticed Jeremiah
  5541 | D:6      | Killed Jeremiah
  5542 | D:6      | Reached skill level 5 in Maces & Flails
  5854 | D:6      | Found a sparkling altar of Nemelex Xobeh.
  5948 | D:6      | Found the +7 Throatcutter {drain, coup de grace}
  5978 | D:6      | Reached XP level 9. HP: 51/56 MP: 9/9
  6615 | D:7      | Noticed a hornet
  6638 | D:7      | Slain by a hornet

Illustrated notes

Levels and vault maps discovered:
D:1:      dpeg_arrival_prison, layout_loops_ring
D:2:      layout_rooms, basic_altar, uniq_terence
D:3:      layout_loops_cross
D:4:      layout_basic, gammafunk_ghost_mausoleum, uniq_edmund, uniq_ijyb
D:5:      layout_gridville, nicolae_gozag_seed_capital, general_overflow_altar
D:6:      layout_basic, nemelex_diamond_rough_becter,
          dilly_guarded_unrand_throatcut, uniq_jeremiah
D:7:      layout_basic, minmay_temple_entry_statues, minmay_misc_feat_encased,
          grunt_decor_junction, minmay_puff

Skill      XL: |  1  2  3  4  5  6  7  8  9 |
---------------+----------------------------+-----
Armour         | 4 5 6 7 |  7.2
Shields        | 4 5 6 7 |  7.2
Fighting       | 4 5 6 7 |  7.2
Maces & Flails | 3 4 5 6 |  6.1

Action                     |  1- 3 |  4- 6 |  7- 9 || total
---------------------------+-------+-------+-------++-------
  Melee: Flail             |   127 |   205 |   182 ||   514
  Throw: Dart              |       |     3 |     1 ||     4
    Use: Scroll            |       |       |    11 ||    11
 Armour: Scale mail        |    69 |       |       ||    69
         Chain mail        |       |   137 |   166 ||   303
  Dodge: Dodged            |    67 |    99 |    98 ||   264
  Block: Buckler           |    36 |    47 |    48 ||   131

Table legend: (Time is in decaauts)
 A = Elapsed time spent in this place.
 B = Non-inter-level travel time spent in this place.
 C = Inter-level travel time spent in this place.
 D = Time resting spent in this place.
 E = Time spent auto-exploring this place.
 F = Levels seen in this place.
 G = Mean time per level.
                   A        B        C        D        E       F      G
               +--------+--------+--------+--------+--------+-----+--------+
         Total |   6858 |   6579 |    279 |    622 |   4606 |   7 |  979.7 |
       Dungeon |   6858 |   6579 |    279 |    622 |   4606 |   7 |  979.7 |
               +--------+--------+--------+--------+--------+-----+--------+

Top non-repeatable levels by time:
     D:3: 1762 daAuts
     D:6: 1339 daAuts
     D:4: 1019 daAuts
     D:1: 915 daAuts
     D:2: 868 daAuts
     D:5: 865 daAuts
     D:7: 86 daAuts
